AoeStats
← Ulosis

Arena

510392377Analyzed
2v2 RM · 16h ago on Sep 30, 2026· 42m 56s· 4 players
Game mode
Random Map
Map size
Medium (4 player)
Population
200
Speed
Normal
Resources
Standard
Victory
Conquest
Starting age
Dark Age
Ending age
Imperial Age
RankedLock teamsTeams togetherTeam positionsShared explorationLock speedFull tech treeHidden civsTurbo modeCheats
Victory
Defeat
🇹🇷 Turks · Türkiye
808
+15
🇹🇷 Khmer · Türkiye
803
+15
🇨🇱 Vikings · Chile
799
-16
🇨🇱 Malay · Chile
760
-14
Ulosis
4:17 Loom
12:38 Feudal Age
12:47 Double-Bit Axe
13:17 Town Watch
17:08 Castle Age
15:08 Horse Collar
17:55 Bow Saw
18:37 Heavy Plow
19:01 Forging
24:14 Husbandry
24:49 Pikeman
28:04 Man-at-Arms
29:41 Long Swordsman
30:28 Squires
31:13 Padded Archer Armor
31:06 Fletching
31:16 Elite Skirmisher
33:44 Thumb Ring
PABLOSKY
12:49 Feudal Age
11:07 Loom
17:12 Castle Age
18:42 Double-Bit Axe
18:41 Horse Collar
19:43 Bow Saw
22:57 Pikeman
31:38 Gold Mining
31:53 Heavy Plow
31:46 Stone Mining
32:12 Forging
36:06 Scale Barding Armor
40:49 Chain Barding Armor
41:06 Iron Casting
eazy-e
10:30 Feudal Age
17:30 Castle Age
15:51 Horse Collar
25:24 Imperial Age
25:34 Double-Bit Axe
28:02 Gold Mining
28:53 Sanctity
30:39 Gold Shaft Mining
30:46 Bow Saw
32:21 Wheelbarrow
36:10 Artillery
38:23 Heavy Plow
40:27 Bloodlines
MaydanozBey
4:15 Loom
5:48 Loom
11:18 Feudal Age
14:50 Stone Mining
17:13 Castle Age
16:51 Horse Collar
17:00 Double-Bit Axe
21:15 Bow Saw
25:05 Wheelbarrow
24:31 Heavy Plow
24:24 Gold Mining
25:08 Pikeman
25:52 Husbandry
27:28 Gold Shaft Mining
27:39 Bloodlines
33:19 Imperial Age
31:27 Forging
34:28 Conscription
35:18 Chemistry
34:55 Iron Casting
34:27 Scale Barding Armor
35:46 Double Crossbow
37:02 Halberdier
38:12 Hand Cart
39:12 Heavy Scorpion
Connection lost

Rejoining the realm…

Still unreachable

The connection could not be restored.

Session expired

The server has moved on; the page needs a fresh start.